 Dungeon Crawl Stone Soup version 0.31-a0-875-g02e7d12df6 (webtiles) character file.

Game seed: 16196914605706625493

6183 Hi5aMiFi the Cleaver (level 10, -4/91 HPs)
             Began as a Hill Orc Artificer on Oct 12, 2023.
             Was a Believer of Fedhas.
             Slain by a blink frog (9 damage)
             ... on level 1 of the Lair of Beasts on Oct 13, 2023.
             The game lasted 03:37:51 (10230 turns).

Hi5aMiFi the Cleaver (Hill Orc Artificer)          Turns: 10230, Time: 03:37:52

Health: -4/91      AC: 18    Str: 20    XL:     10   Next: 91%
Magic:  13/13      EV: 23    Int: 11    God:    Fedhas [**....]
Gold:   87         SH:  0    Dex: 11    Spells: 9/9 levels left

rFire   . . .        E - +2 scythe (protect)
rCold   . . .        (shield currently unavailable)
rNeg    . . .        c - +0 chain mail
rPois   .            (no helmet)
rElec   .            J - +0 cloak
rCorr   +            p - +1 pair of gloves
SInv    .            y - +2 pair of boots {Fly}
Will    .....        A - amulet of the acrobat Stlth
                     G - ring of resist corrosion
HPRegen 0.35/turn    (no ring)
MPRegen 0.13/turn

%: acrobat
@: mighty, acrobatic, flying, hasted, very quick
A: no striking features
a: Renounce Religion, Wall of Briars


You were on level 1 of the Lair of Beasts.
You worshipped Fedhas.
Fedhas was pleased with you.
You visited 2 branches of the dungeon, and saw 10 of its levels.

You collected 1547 gold pieces.
You spent 1460 gold pieces at shops.

Inventory:

Hand Weapons
 a - a +0 club
 q - a +0 war axe
 r - a +1 sling of electrocution
 x - a +1 broad axe
 E - a +2 scythe of protection (weapon)
 H - a +3 scimitar
Missiles
 h - 77 stones
 j - a boomerang
 k - 3 poisoned darts
 B - 4 javelins (quivered)
 L - 4 curare-tipped darts
Armour
 b - a +0 leather armour
 c - a +0 chain mail (worn)
 f - a +0 ring mail
 m - a +3 plate armour of positive energy
 p - a +1 pair of gloves (worn)
 s - a +0 buckler
 y - a +2 pair of boots of flying (worn)
 J - a +0 cloak (worn)
Jewellery
 u - an amulet of regeneration
 v - an amulet of guardian spirit
 A - an amulet of the acrobat (around neck)
 G - a ring of resist corrosion (left hand)
Talismans
 o - a storm talisman
Wands
 e - a wand of charming (4)
 l - a wand of mindburst (19)
 N - a wand of iceblast (11)
Scrolls
 t - 5 scrolls of immolation
 F - 2 scrolls of revelation
 I - a scroll of vulnerability
Potions
 d - a potion of magic
 g - a potion of might
 n - a potion of haste
 w - 3 potions of attraction
 z - 3 potions of curing
 D - a potion of lignification {unknown}
 K - 2 potions of ambrosia {unknown}


   Skills:
 + Level 9.5 Fighting
 - Level 10.4(10.9) Axes
 - Level 4.1(7.0) Polearms
 - Level 2.1 Ranged Weapons
 + Level 2.9 Throwing
 * Level 9.0 Armour
 - Level 0.7 Dodging
 - Level 0.7 Stealth
 - Level 3.0 Shields
 * Level 5.0 Invocations
 * Level 4.1 Evocations


You had 9 spell levels left.
You didn't know any spells.
Your spell library contained the following spells:

 Spells                   Type           Power      Damage    Failure   Level
 Ensorcelled Hibernation  Hex/Ice        0%         N/A       97%         2
 Jinxbite                 Hex            0%         N/A       97%         2
 Call Canine Familiar     Summ           0%         N/A       99%         3
 Ignite Poison            Fire/Tmut/Pois 0%         N/A       99%         3
 Sigil of Binding         Hex            0%         N/A       99%         3
 Anguish                  Hex/Necr       0%         N/A       100%        4
 Dimensional Bullseye     Hex/Tloc       0%         N/A       100%        4
 Leda's Liquefaction      Hex/Erth       0%         N/A       100%        4
 Sticky Flame             Conj/Fire      0%         2d3       100%        4
 Ignition                 Fire           0%         3d3       100%        8
 Chain Lightning          Conj/Air       0%         N/A       100%        9
 Fire Storm               Conj/Fire      0%         5d1       100%        9
 Shatter                  Erth           0%         3d5*      100%        9


Dungeon Overview and Level Annotations

Branches:
Dungeon (9/15)             Temple (0/1) D:6            Lair (1/5) D:8
    Orc: D:9-12

Altars:
Ashenzari
Cheibriados
Dithmenos
Fedhas
Hepliaklqana
Makhleb
Trog
Zin

Shops:
D:3 [!*((

Annotations:
D:4 1 runed translucent door, Crazy Yiuf, Menkaure
D:5 exclusion: upstairs
D:7 exclusion: downstairs
D:8 exclusion: 2 downstairs, Psyche
D:9 Erolcha


Message History

Blink to where?
Press: ? - help, Dir - move target, f - you, p - komodo dragon
Okay, then.
As you read the scroll of teleportation, it crumbles to dust.
You feel strangely unstable.
The komodo dragon hisses menacingly.
The blink frog blinks!
The komodo dragon bites you.
* * * LOW HITPOINT WARNING * * *
The blink frog completely misses you.
A blink frog comes into view. x2
The blink frog croaks.
The blink frog gives a loud, deep croak!
The blink frog attacks as it pursues you!
The blink frog closely misses you.
The blink frog blinks! x2
The blink frog blinks! x3; The blink frog closely misses you.
The blink frog attacks as it pursues you!
The blink frog hits you!
* * * LOW HITPOINT WARNING * * *
Okay, then.
Blink to where?
Press: ? - help, Dir - move target, p - komodo dragon
As you read the scroll of blinking, it crumbles to dust.
Your surroundings suddenly seem different.
Unknown command.
Unknown command.
Unknown command.
Unknown command.
Unknown command.
Okay, then.
Okay, then.
Aiming: Charm
Press: ? - help, Shift-Dir - straight line, f - blink frog
Aim: a blink frog (chance to affect: 41%)
Okay, then.
Okay, then.
Unknown command.
Unknown command.
The blink frog hits you!
You die...
Fedhas appreciates your contribution to the ecosystem.

#Y†..........#
#......F.....# ##
##l...F.......#..# #
#.....(.......#.#
.#####F.....(.(......##
......§F....(.........
.....###.#..[......+
.........#.......F.#
####.#......P###@#......
.# .#.### ##....... .+
.#.# #...... .# .# #
...... .. ..... .. .....
.. .... ....


You could see 3 blink frogs.

Vanquished Creatures
  Pikel (D:6)
  An elephant (D:8)
  A troll (D:8)
  2 blink frogs (Lair:1)
  Sigmund (D:4)
  3 yaks (Lair:1)
  A wraith (D:8)
  2 wyverns
  An acid dragon (D:5)
  3 water moccasins
  2 sky beasts
  2 ogres
  5 black bears
  A centaur (D:7)
  2 lemures (D:6)
  Blork the orc (D:4)
  A kobold brigand (D:7)
  3 scorpions
  3 bullfrogs
  9 wights (D:7)
  6 killer bees
  2 electric eels (D:7)
  A howler monkey (D:8)
  4 hounds
  2 jellies
  3 gnoll boudas
  2 orc priests
  Terence (D:3)
  5 orc wizards
  3 iguanas
  9 gnolls
  6 adders
  2 shadow imps
  3 white imps
  2 ufetubi
  2 worms
  A dart slug (D:4)
  25 orcs
  9 ball pythons
  8 bats
  9 endoplasms
  6 giant cockroaches
  8 hobgoblins
  11 jackals
  3 quokkas
  5 frilled lizards
  11 goblins
  5 kobolds
  4 rats
  A spectral goblin (D:5)
204 creatures vanquished.

Vanquished Creatures (collateral kills)
  An orc warrior (D:9)
  4 killer bees
  2 gnolls (D:4)
7 creatures vanquished.

Vanquished Creatures (others)
  A two-headed ogre (D:9)
  An ice beast (D:5)
  2 gnolls (D:4)
  An adder (D:4)
5 creatures vanquished.

Grand Total: 216 creatures vanquished

Notes
Turn   | Place    | Note
-------+----------+-------------------------------------------
     0 | D:1      | Hi5aMiFi the Hill Orc Artificer began the quest for the
                  | Orb.
     0 | D:1      | Reached XP level 1. HP: 16/16 MP: 1/1
   194 | D:1      | Reached XP level 2. HP: 23/24 MP: 2/2
   542 | D:1      | Reached XP level 3. HP: 18/29 MP: 3/3
  1838 | D:2      | Reached XP level 4. HP: 37/37 MP: 4/4
  2120 | D:3      | Found Vedymif's Weapon Boutique.
  2138 | D:3      | Bought a +0 broad axe for 40 gold pieces
  2207 | D:3      | Found Pomato's Weapon Shop.
  2364 | D:3      | Found Qiadun's General Store.
  2389 | D:3      | Bought a potion of berserk rage for 55 gold pieces
  2408 | D:3      | You fall into a shaft and drop 3 floors!
  2437 | D:6      | Noticed a water moccasin
  2448 | D:6      | Noticed a water moccasin
  2459 | D:5      | Entered Level 5 of the Dungeon
  2502 | D:5      | Noticed an ice beast
  2545 | D:5      | Noticed an acid dragon
  2700 | D:4      | Noticed Sigmund
  2714 | D:3      | Reached skill level 1 in Axes
  2714 | D:3      | Reached skill level 1 in Ranged Weapons
  2722 | D:3      | Noticed Terence
  2732 | D:3      | Killed Terence
  2733 | D:3      | Reached skill level 1 in Shields
  2733 | D:3      | Reached XP level 5. HP: 41/45 MP: 5/5
  2765 | D:3      | Found Revegera's Distillery.
  2778 | D:3      | Bought a potion of curing for 39 gold pieces
  2778 | D:3      | Bought a potion of heal wounds for 65 gold pieces
  2793 | D:3      | Found Elu Fes's Armour Boutique.
  2994 | D:4      | Reached skill level 2 in Axes
  3074 | D:4      | Noticed Blork the orc
  3115 | D:4      | Reached skill level 3 in Axes
  3115 | D:4      | Reached XP level 6. HP: 50/51 MP: 6/6
  3220 | D:4      | Reached skill level 4 in Axes
  3345 | D:4      | Found a shadowy altar of Dithmenos.
  3399 | D:4      | Noticed Menkaure
  3435 | D:6      | Noticed a black bear
  3439 | D:7      | Found a flagged portal.
  3441 | D:7      | Noticed a sky beast
  3447 | D:7      | Noticed a wyvern
  3482 | D:6      | Reached XP level 7. HP: 32/58 MP: 7/7
  3770 | D:6      | Reached skill level 5 in Axes
  3804 | D:6      | Found a blossoming altar of Fedhas.
  3813 | D:6      | Became a worshipper of Fedhas Madash
  3832 | D:6      | Found a staircase to the Ecumenical Temple.
  3920 | D:6      | Noticed Pikel
  4076 | D:6      | Reached skill level 6 in Axes
  4428 | D:5      | Reached skill level 5 in Fighting
  4428 | D:5      | Reached skill level 7 in Axes
  4428 | D:5      | Reached XP level 8. HP: 52/68 MP: 8/8
  4480 | D:5      | Reached * piety under Fedhas
  4568 | D:5      | Reached skill level 5 in Armour
  4639 | D:5      | Found a hazy altar of Hepliaklqana.
  5496 | D:5      | Reached skill level 8 in Axes
  6164 | D:5      | Identified a scroll of acquirement
  6329 | D:6      | Reached skill level 9 in Axes
  6559 | D:6      | Killed Pikel
  6560 | D:6      | Reached XP level 9. HP: 72/78 MP: 9/9
  6885 | D:3      | Acquired 1017 gold pieces
  6920 | D:3      | Bought a potion of curing for 39 gold pieces
  6920 | D:3      | Bought a potion of haste for 130 gold pieces
  6941 | D:3      | Bought a +1 pair of gloves for 115 gold pieces
  6941 | D:3      | Bought a +2 pair of boots of flying for 215 gold pieces
  6957 | D:3      | Bought a +3 plate armour of positive energy for 420 gold
                  | pieces
  6998 | D:3      | Bought 5 javelins for 150 gold pieces
  7040 | D:3      | Bought a potion of enlightenment for 65 gold pieces
  7040 | D:3      | Bought a potion of enlightenment for 65 gold pieces
  7112 | D:4      | Killed Sigmund
  7219 | D:7      | Reached skill level 10 in Axes
  7247 | D:7      | Reached ** piety under Fedhas
  7439 | D:7      | Reached skill level 1 in Throwing
  7755 | D:7      | Reached skill level 1 in Polearms
  7951 | D:7      | Reached XP level 10. HP: 89/90 MP: 10/10
  8155 | D:7      | Found a snail-covered altar of Cheibriados.
  8156 | D:7      | Found a bloodstained altar of Trog.
  8271 | D:7      | Found a glowing silver altar of Zin.
  8271 | D:7      | Noticed an angel
  8335 | D:7      | Reached skill level 1 in Invocations
  8533 | D:8      | Noticed Psyche
  8894 | D:8      | Noticed an elephant
  8918 | D:8      | Killed an elephant
  9163 | D:8      | Found a staircase to the Lair.
  9215 | D:9      | Found a burning altar of Makhleb.
  9218 | D:9      | Found a broken altar of Ashenzari.
  9241 | D:9      | Noticed Erolcha
  9385 | Lair:1   | Entered Level 1 of the Lair of Beasts
  9496 | D:4      | Killed Blork the orc
  9535 | D:4      | Found a runed translucent door.
  9538 | D:4      | Noticed Crazy Yiuf
  9773 | D:3      | Bought a potion of attraction for 39 gold pieces
  9823 | D:3      | Bought 3 poisoned darts for 23 gold pieces
 10110 | D:9      | Noticed a two-headed ogre
 10180 | Lair:1   | Noticed a black mamba
 10218 | Lair:1   | Reached skill level 5 in Invocations
 10228 | Lair:1   | HP: 4/91 [blink frog (13)]
 10230 | Lair:1   | Slain by a blink frog

Illustrated notes

Levels and vault maps discovered:
D:1:      heliophobic_arrival_dark_side_of_the_moon, layout_rooms
D:2:      layout_basic
D:3:      layout_rooms, serial_shops, nicolae_shop_pleasant_corner_grove, shop,
          shop, nicolae_shop_industrial_runoff, shop_coins, uniq_terence
D:4:      layout_cave_pools, nicolae_dithmenos_shadow_blocks,
          minmay_crystal_water, hangedman_minor_gate_pass,
          uniq_crazy_yiuf_cottage, uniq_sigmund, uniq_menkaure,
          uniq_blork_the_orc
D:5:      layout_layer_cave, nicolae_hepliaklqana_monster_ancestors
D:6:      layout_cave_pools, marbit_many_paths, minmay_temple_entry_slanted,
          uniq_pikel
D:7:      layout_rooms, nicolae_overflow_squiral, zin_angel, enter_bailey_5,
          minmay_fractal_squares_gapless_5
D:8:      layout_basic, david_lair_generic, uniq_psyche
D:9:      layout_basic, chequers_temple_overflow_statue_of_worship,
          uniq_erolcha, uniq_maggie, uniq_amaemon, uniq_jeremiah
Lair:1:   layout_chaotic_city, infiniplex_staircase_pool

Skill      XL: |  1  2  3  4  5  6  7  8  9 10 |
---------------+-------------------------------+-----
Armour         | 3 4 6 7 9 |  9.0
Fighting       | 2 3 5 6 8 9 |  9.5
Axes           | 1 3 4 7 9 10 | 10.4
Ranged Weapons | 1 2 |  2.1
Shields        | 1 2 3 |  3.0
Throwing       | 1 2 |  2.9
Polearms       | 1 4 |  4.1
Invocations    | 5 |  5.0
Evocations     | 4 |  4.1
Dodging        | |  0.7
Stealth        | |  0.7

Action                     |  1- 3 |  4- 6 |  7- 9 | 10-12 || total
---------------------------+-------+-------+-------+-------++-------
  Melee: Club              |   183 |       |       |       ||   183
         Punch             |     3 |       |       |       ||     3
         Broad axe         |       |    81 |   252 |       ||   333
         War axe           |       |     6 |       |       ||     6
         Halberd           |       |       |    31 |   193 ||   224
   Fire: Sling             |    21 |    45 |     5 |       ||    71
  Throw: Stone             |    10 |       |     2 |     8 ||    20
         Boomerang         |       |    21 |    35 |    26 ||    82
         Dart              |       |       |    12 |    21 ||    33
         Javelin           |       |       |     8 |     1 ||     9
 Invoke: Wall of Briars    |       |       |       |     4 ||     4
  Evoke: Wand              |     1 |    30 |     8 |     6 ||    45
    Use: Scroll            |     3 |     8 |    12 |     7 ||    30
         Potion            |       |     5 |     8 |     4 ||    17
   Stab: Betrayed ally     |       |       |     1 |       ||     1
 Armour: Ring mail         |   156 |   101 |    89 |       ||   346
         Chain mail        |       |       |   172 |   216 ||   388
         Skin              |       |       |       |     3 ||     3
  Dodge: Dodged            |   125 |   117 |   165 |    89 ||   496
  Block: Buckler           |     1 |    37 |    60 |       ||    98

Table legend: (Time is in decaauts)
 A = Elapsed time spent in this place.
 B = Non-inter-level travel time spent in this place.
 C = Inter-level travel time spent in this place.
 D = Time resting spent in this place.
 E = Time spent auto-exploring this place.
 F = Levels seen in this place.
 G = Mean time per level.
                   A        B        C        D        E       F      G
               +--------+--------+--------+--------+--------+-----+--------+
         Total |  10528 |   9798 |    730 |   2014 |    312 |  10 | 1052.8 |
       Dungeon |  10466 |   9736 |    730 |   2014 |    312 |   9 | 1162.9 |
          Lair |     62 |     62 |      0 |      0 |      0 |   1 |   62.0 |
               +--------+--------+--------+--------+--------+-----+--------+

Top non-repeatable levels by time:
     D:5: 2469 daAuts
     D:7: 1341 daAuts
     D:6: 1226 daAuts
     D:2: 1174 daAuts
     D:3: 1131 daAuts
     D:1: 1011 daAuts
     D:8: 931 daAuts
     D:4: 910 daAuts
     D:9: 270 daAuts
  Lair:1: 62 daAuts
